 Dungeon Crawl Stone Soup version 0.17-a0-776-gd86b262 (webtiles) character file.

60 inmateoo the Grave Robber (level 4, -3/21 HPs)
             Began as a Vine Stalker Necromancer on Apr 24, 2015.
             Slain by a gnoll
             ... wielding a +0 flail
              (12 damage)
             ... on level 2 of the Dungeon.
             The game lasted 00:01:30 (957 turns).

inmateoo the Grave Robber (Vine Stalker Necromancer) Turns: 957, Time: 00:01:30

Health: -3/21      AC:  3    Str: 11    XL:     4   Next: 6%
Magic:  0/8        EV: 12    Int: 16    God:
Gold:   54         SH:  0    Dex: 14    Spells: 1 memorised, 6 levels left

rFire  . . .     SeeInvis .     (no weapon)
rCold  . . .     Clarity  .     a - +0 robe
rNeg   . . .     SustAb   .     (no shield)
rPois  .         Gourm    .     (no helmet)
rElec  .         Spirit   +     (no cloak)
rCorr  +         Warding  .     (no gloves)
rMut   .         Stasis   .     (no boots)
MR     .....                    f - amulet of resist corrosion
Stlth  ++........               (no ring)
                                (no ring)

@: not resistant to hostile enchantments, unstealthy
A: fangs 2, regeneration 1, shaggy fur 1, magic shield, antimagic bite, no
device heal 3, rot immunity
a: no special abilities


You were on level 2 of the Dungeon.
You were hungry.

You visited 1 branch of the dungeon, and saw 2 of its levels.

You collected 54 gold pieces.

Inventory:

Armour
 a - a +0 robe (worn)
 e - a +0 buckler
Jewellery
 f - an amulet of resist corrosion (around neck)
Scrolls
 h - a scroll of enchant armour {unknown}
 k - a scroll of random uselessness {unknown}
 m - 3 scrolls of identify {unknown}
Potions
 d - a potion of heal wounds {unknown}
 g - a potion of cure mutation {unknown}
 j - a potion of agility {unknown}
Books
 b - a book of Necromancy

   Spells                             Type                      Level
   a - Pain                           Necromancy                   1
   b - Animate Skeleton               Necromancy                   1
   c - Vampiric Draining              Necromancy                   3
   d - Regeneration                   Charms/Necromancy            3
   e - Animate Dead                   Necromancy                   4
   f - Control Undead                 Necromancy                   4
Comestibles
 c - 4 bread rations
 i - 2 meat rations
 l - a beef jerky
 n - a slice of pizza


   Skills:
 - Level 1.5 Dodging
 - Level 2.4 Stealth
 - Level 2.1 Spellcasting
 * Level 5.5 Necromancy


You had 6 spell levels left.
You knew the following spells:

 Your Spells              Type           Power        Failure   Level  Hunger
a - Pain                  Necr           ###.         1%          1    #......


Dungeon Overview and Level Annotations

Branches:
Dungeon (2/15)

Altars:


Innate Abilities, Weirdness & Mutations

You have extremely sharp teeth.
Your natural rate of healing is unusually fast.
You are covered in fur (AC +1).
When hurt, damage is shared between your health and your magic reserves.
Your bite disrupts and absorbs the magic of your enemies.
Potions and wands cannot restore your health.
You are immune to rotting.


Message History

Casting: Pain
Confirm with . or Enter, or press ? or * to list all spells.
Aiming: Pain
Press: ? - help, Shift-Dir - straight line, f/p - gnoll
Aim: a gnoll (heavily wounded, chance 84%)
The gnoll convulses in agony!
The gnoll misses you.
Casting: Pain
Confirm with . or Enter, or press ? or * to list all spells.
Aiming: Pain
Press: ? - help, Shift-Dir - straight line, f/p - gnoll
Aim: a gnoll (almost dead, chance 84%)
The gnoll convulses in agony!
You kill the gnoll!
You have reached level 4!
You feel stronger. The gnoll closely misses you.
The gnoll hits you with a flail. The gnoll hits you with a flail!
Ouch! That really hurt!
You die...

..........#... ### .#
#....#... ... .#
#.#....## ###'###.
#..#.#...
#......##.####...#.##
#......##.##....##.#
##......##.##(##.<..#
#.......##.#..########
#....@.<...#.#######..
#...g..............#..
#.)........#.#..##.#..
##..........#.#..#.....
#......).........#..###
#...#########.##.####
#...# #<##.# ###...#
#....# #(....# ######
#..


You could see a gnoll.

Vanquished Creatures
  An adder (D:2)
  3 gnolls
  A giant gecko (D:1)
  A ball python (D:1)
  2 goblins
  4 hobgoblins
  4 kobolds
  2 bats (D:2)
  2 giant cockroaches (D:1)
  3 giant newts
  4 rats (D:1)
27 creatures vanquished.

Notes
Turn   | Place    | Note
--------------------------------------------------------------
     0 | D:1      | inmateoo, the Vine Stalker Necromancer, began the quest for the Orb.
     0 | D:1      | Reached XP level 1. HP: 9/9 MP: 4/4
   214 | D:1      | Reached XP level 2. HP: 11/13 MP: 3/6
   687 | D:1      | Reached skill level 5 in Necromancy
   687 | D:1      | Reached XP level 3. HP: 13/16 MP: 1/7
   954 | D:2      | Reached XP level 4. HP: 15/21 MP: 0/8
   957 | D:2      | Slain by a gnoll

Action                   |  1- 3 |  4- 6 || total
-------------------------+-------+-------++-------
Melee: Unarmed           |    25 |       ||    25
 Cast: Pain              |    49 |     1 ||    50
